 Dungeon Crawl Stone Soup version 0.32-a0-41-gec2d92a32c (webtiles) character file.

Game seed: 5733964431051078941

518 CougarLife the Shield-Bearer (level 7, -5/60 HPs)
             Began as a Gnoll Fighter on Jan 26, 2024.
             Killed by divine providence
             ... invoked by an orc priest
              (13 damage)
             ... on level 3 of the Dungeon.
             The game lasted 00:05:48 (3250 turns).

CougarLife the Shield-Bearer (Gnoll Fighter)        Turns: 3250, Time: 00:05:48

Health: -5/60      AC: 11    Str: 17    XL:     7   Next: 21%
Magic:  10/10      EV: 10    Int:  8    God:
Gold:   102        SH:  5    Dex: 11    Spells: 10/10 levels left

rFire   . . .        F - +2 war axe (drain)
rCold   . . .        c - +0 buckler
rNeg    . . .        b - +0 scale mail
rPois   .            j - +2 hat
rElec   .            (no cloak)
rCorr   .            p - +0 pair of gloves
SInv    .            (no boots)
Will    +....        (no amulet)
Stlth   +            e - ring of willpower
HPRegen 0.30/turn    (no ring)
MPRegen 0.12/turn

%: no passive effects
@: no status effects
A: fangs 1, strong nose, distributed training
a: no special abilities


You were on level 3 of the Dungeon.
You visited 1 branch of the dungeon, and saw 4 of its levels.
You also visited: Sewer.

You collected 128 gold pieces.
You spent 26 gold pieces at shops.

Inventory:

Hand Weapons
 s - a +1 spear of flaming
 F - a +2 war axe of draining (weapon)
Missiles
 g - 3 javelins
 i - 21 poisoned darts
Armour
 b - a +0 scale mail (worn)
 c - a +0 buckler (worn)
 j - a +2 hat (worn)
 p - a +0 pair of gloves (worn)
Jewellery
 e - a ring of willpower (left hand)
Scrolls
 l - 3 scrolls of teleportation
 m - a scroll of enchant weapon
 q - a scroll of silence {unknown}
 t - a scroll of poison {unknown}
 u - 2 scrolls of amnesia {unknown}
 v - 2 scrolls of enchant armour
 x - a scroll of fog {unknown}
 y - a scroll of brand weapon {unknown}
 B - a scroll of vulnerability {unknown}
Potions
 a - a potion of brilliance {unknown}
 f - 2 potions of enlightenment {unknown}
 h - 3 potions of mutation {unknown}
 k - 2 potions of berserk rage {unknown}
 n - a potion of magic {unknown}
 o - 2 potions of degeneration {unknown}
 w - a potion of curing {unknown}
 z - 2 potions of resistance {unknown}
 A - 2 potions of invisibility {unknown}
 C - a potion of cancellation {unknown}
 D - 2 potions of heal wounds {unknown}
 E - a potion of haste {unknown}


   Skills:
 + Level 7.0 Fighting
 + Level 2.4 Short Blades
 + Level 2.4 Long Blades
 + Level 5.2 Axes
 + Level 2.4 Maces & Flails
 + Level 2.4 Polearms
 + Level 2.4 Staves
 + Level 2.4 Ranged Weapons
 + Level 2.4 Throwing
 + Level 7.0 Armour
 + Level 2.4 Dodging
 + Level 2.4 Stealth
 + Level 7.0 Shields
 + Level 2.4 Unarmed Combat
 + Level 2.4 Spellcasting
 + Level 2.0 Conjurations
 + Level 2.0 Hexes
 + Level 2.0 Summonings
 + Level 2.0 Necromancy
 + Level 2.0 Translocations
 + Level 2.0 Fire Magic
 + Level 2.0 Ice Magic
 + Level 2.0 Air Magic
 + Level 2.0 Earth Magic
 + Level 2.0 Alchemy
 + Level 2.7 Invocations
 + Level 2.4 Evocations
 + Level 2.2 Shapeshifting


You had 10 spell levels left.
You didn't know any spells.
Your spell library contained the following spells:

 Spells                   Type           Power      Damage    Failure   Level
 Iskenderun's Battlesphe  Conj           4%         2d6       100%        5
 Bombard                  Conj/Erth      2%         9d1       100%        6
 Spellforged Servitor     Conj/Summ      2%         N/A       100%        7


Dungeon Overview and Level Annotations

Branches:
Dungeon (4/15)              Sewer (visited)
 Temple: D:4-7

Altars:
Cheibriados
Fedhas
Kikubaaqudgha
Qazlal
Zin

Shops:
D:1 ?


Innate Abilities, Weirdness & Mutations

You have very sharp teeth.
Your uncanny sense of smell can sniff out nearby items.
Your experience applies equally to all skills.


Message History

The endoplasm barely misses you. You block the orc priest's attack.
You hit the orc priest. You drain the orc priest.
The orc priest is heavily wounded.
You slash the endoplasm!
You kill the endoplasm!
The orc warrior hits you from afar with a +0 glaive.
The orc priest calls down the wrath of Beogh upon you.
Pain shoots through your body!
You hit the orc priest but do no damage.
You drain the orc priest.
The orc priest is heavily wounded.
The orc warrior hits you from afar with a +0 glaive!
The orc priest looks encouraged for a moment.
You hit the orc priest.
The orc priest is almost dead.
The orc warrior looks more healthy.
The orc priest invokes the aid of Beogh against you.
Beogh smites you!
The orc warrior hits you from afar with a +0 glaive.
* * * LOW HITPOINT WARNING * * *
You hit the orc priest but do no damage.
You bite the orc priest, but do no damage.
The orc priest is almost dead.
The orc priest calls upon Beogh to heal the orc warrior.
The orc warrior is healed somewhat.
The orc warrior hits you from afar with a +0 glaive!
* * * LOW HITPOINT WARNING * * *
You block the orc priest's attack.
You completely miss the orc priest.
The orc priest is almost dead.
The orc warrior is no longer moving slowly.
The orc warrior closely misses you.
The orc priest hits you but does no damage.
You hit the orc priest but do no damage.
You drain the orc priest.
The orc priest is almost dead.
The orc warrior closely misses you.
The orc priest mumbles some strange prayers to Beogh against you.
Beogh smites you!
You die...

###############
#########.............#
#.....................#
#........###..........#
#......>..............#
######................#
###................###
#......o....#.........
#..>.@o...(...........
#.....................
####...###............
##...##............
#.#..#............
..............†...
##................
...###.......... .
#....######


You could see an orc warrior and an orc priest (very drained).

Vanquished Creatures
  2 kobold brigands (Sewer)
  2 jellies (D:2)
  An orc priest (D:3)
  An iguana (D:3)
  An orc wizard (D:3)
  5 adders
  6 gnolls
  3 ribbon worms (D:2)
  2 dart slugs
  6 orcs
  7 ball pythons
  12 endoplasms
  6 giant cockroaches
  9 goblins
  8 hobgoblins
  3 jackals
  5 quokkas
  5 bats
  3 frilled lizards
  27 kobolds
  8 rats
  A spectral goblin (D:1)
123 creatures vanquished.

Notes
Turn   | Place    | Note
-------+----------+-------------------------------------------
     0 | D:1      | CougarLife the Gnoll Fighter began the quest for the Orb.
     0 | D:1      | Reached XP level 1. HP: 23/23 MP: 1/1
    34 | D:1      | Found a faded altar of an unknown god.
   141 | D:1      | Reached XP level 2. HP: 29/29 MP: 2/2
   348 | D:1      | Reached XP level 3. HP: 35/35 MP: 3/3
   451 | D:1      | Reached skill level 1 in Invocations
   564 | D:1      | Found Wopniur's Magic Scroll Emporium.
   567 | D:1      | Bought a scroll of identify for 26 gold pieces
   818 | D:2      | Reached skill level 1 in Short Blades
   818 | D:2      | Reached skill level 1 in Long Blades
   818 | D:2      | Reached skill level 1 in Maces & Flails
   818 | D:2      | Reached skill level 1 in Polearms
   818 | D:2      | Reached skill level 1 in Staves
   818 | D:2      | Reached skill level 1 in Ranged Weapons
   818 | D:2      | Reached skill level 1 in Throwing
   818 | D:2      | Reached skill level 1 in Dodging
   818 | D:2      | Reached skill level 1 in Stealth
   818 | D:2      | Reached skill level 1 in Unarmed Combat
   818 | D:2      | Reached skill level 1 in Spellcasting
   818 | D:2      | Reached skill level 1 in Evocations
   958 | D:1      | Reached skill level 1 in Shapeshifting
   958 | D:1      | Reached XP level 4. HP: 29/41 MP: 5/5
  1140 | D:2      | Reached skill level 1 in Conjurations
  1140 | D:2      | Reached skill level 1 in Hexes
  1140 | D:2      | Reached skill level 1 in Summonings
  1140 | D:2      | Reached skill level 1 in Necromancy
  1140 | D:2      | Reached skill level 1 in Translocations
  1140 | D:2      | Reached skill level 1 in Fire Magic
  1140 | D:2      | Reached skill level 1 in Ice Magic
  1140 | D:2      | Reached skill level 1 in Air Magic
  1140 | D:2      | Reached skill level 1 in Earth Magic
  1140 | D:2      | Reached skill level 1 in Alchemy
  1403 | D:2      | Found a glowing silver altar of Zin.
  1403 | D:2      | Found a stormy altar of Qazlal.
  1403 | D:2      | Found an ancient bone altar of Kikubaaqudgha.
  1403 | D:2      | Found a blossoming altar of Fedhas.
  1403 | D:2      | Found a snail-covered altar of Cheibriados.
  1403 | D:2      | Found a glowing silver altar of Zin.
  1421 | D:2      | Reached XP level 5. HP: 33/47 MP: 5/7
  2379 | D:3      | Reached XP level 6. HP: 46/53 MP: 8/8
  2390 | D:3      | Found a glowing drain.
  2423 | Sewer    | Entered a sewer
  2448 | Sewer    | Reached skill level 5 in Axes
  2776 | D:3      | Noticed an orc warrior
  2922 | D:3      | Reached XP level 7. HP: 50/60 MP: 10/10
  3250 | D:3      | Killed from afar by an orc priest

Illustrated notes

Levels and vault maps discovered:
D:1:      lightli_arrival_quake, layout_basic,
          dreamdust_ecumenical_altar_drowned_temple, serial_shops,
          nicolae_shop_rolled_up, minmay_nonomino_d4
D:2:      cheibrodos_fertilizer, layout_basic
D:3:      cheibrodos_helix_gallery, layout_basic, portal_sewer_entry_f
D:4:      layout_basic, pdpol_temple_overflow_zin_treasury_gozag_greed,
          nicolae_dithmenos_through_a_glass_darkly, ebering_ghost_inner_flame,
          minmay_misc_feat_room

Skill      XL: |  1  2  3  4  5  6  7 |
---------------+----------------------+-----
Invocations    | 1 2 |  2.7
Short Blades   | 1 2 |  2.4
Long Blades    | 1 2 |  2.4
Maces & Flails | 1 2 |  2.4
Polearms       | 1 2 |  2.4
Staves         | 1 2 |  2.4
Ranged Weapons | 1 2 |  2.4
Throwing       | 1 2 |  2.4
Dodging        | 1 2 |  2.4
Stealth        | 1 2 |  2.4
Unarmed Combat | 1 2 |  2.4
Spellcasting   | 1 2 |  2.4
Evocations     | 1 2 |  2.4
Shapeshifting  | 1 2 |  2.2
Conjurations   | 1 2 |  2.0
Hexes          | 1 2 |  2.0
Summonings     | 1 2 |  2.0
Necromancy     | 1 2 |  2.0
Translocations | 1 2 |  2.0
Fire Magic     | 1 2 |  2.0
Ice Magic      | 1 2 |  2.0
Air Magic      | 1 2 |  2.0
Earth Magic    | 1 2 |  2.0
Alchemy        | 1 2 |  2.0
Axes           | 5 |  5.2
Fighting       | 7 |  7.0
Armour         | 7 |  7.0
Shields        | 7 |  7.0

Action                     |  1- 3 |  4- 6 |  7- 9 || total
---------------------------+-------+-------+-------++-------
  Melee: War axe           |   107 |    79 |    43 ||   229
         Bite              |    10 |    19 |     3 ||    32
         Whip              |       |    92 |       ||    92
  Throw: Dart              |       |     8 |     2 ||    10
    Use: Scroll            |     2 |     2 |       ||     4
         Potion            |       |     1 |       ||     1
 Armour: Scale mail        |    65 |   137 |    31 ||   233
  Dodge: Dodged            |    53 |    69 |    22 ||   144
  Block: Buckler           |    28 |    42 |    10 ||    80

Table legend: (Time is in decaauts)
 A = Elapsed time spent in this place.
 B = Non-inter-level travel time spent in this place.
 C = Inter-level travel time spent in this place.
 D = Time resting spent in this place.
 E = Time spent auto-exploring this place.
 F = Levels seen in this place.
 G = Mean time per level.
                   A        B        C        D        E       F      G
               +--------+--------+--------+--------+--------+-----+--------+
         Total |   3364 |   3244 |    120 |    749 |   1460 |   5 |  672.8 |
       Dungeon |   2986 |   2866 |    120 |    749 |   1252 |   4 |  746.5 |
         Sewer |    377 |    377 |      0 |      0 |    208 |   1 |  377.0 |
               +--------+--------+--------+--------+--------+-----+--------+

Top non-repeatable levels by time:
     D:1: 1309 daAuts
     D:2: 1074 daAuts
     D:3: 492 daAuts
   Sewer: 377 daAuts
     D:4: 111 daAuts
